TOP OF THE 1ST |
Tremont Doubledays batting - Pitching for Tortolita Drummers : RHP Armando Hernández
|
Pitching: RHP Armando Hernández
|
|
Batting: LHB Scott Britt
|
0-0: Ball 1-0: Fly out, F8 (Line Drive, 89M)
|
Batting: RHB Jim Unknown
|
0-0: Ball 1-0: Called Strike 1-1: Fly out, F7 (Line Drive, 7M)
|
Batting: RHB Kazunori Ito
|
0-0: Ball 1-0: Ball 2-0: Called Strike 2-1: Foul Ball, location: 2F 2-2: Foul Ball, location: 2F 2-2: SINGLE (Groundball, 56D)
|
Batting: LHB Emílio Barbán
|
0-0: Ball 1-0: Ball 2-0: Foul Ball, location: 2F 2-1: Foul Ball, location: 2F 2-2: Foul Ball, location: 2F 2-2: Ball 3-2: Base on Balls Kazunori Ito to second
|
Batting: LHB Félix López
|
0-0: Called Strike 0-1: Foul Ball, location: 2F 0-2: Ball 1-2: Foul Ball, location: 2F 1-2: Fly out, F4 (Popup, 8RS)
|
Top of the 1st over - 0 run(s), 1 hit(s), 0 error(s), 2 left on base; Tremont 0 - Tortolita 0 |
BOTTOM OF THE 1ST |
Tortolita Drummers batting - Pitching for Tremont Doubledays : RHP Jim Unknown
|
Pitching: RHP Jim Unknown
|
|
Batting: RHB Dan Lewis
|
0-0: Foul Ball, location: 2F 0-1: Ground out 6-3 (Groundball, 6S)
|
Batting: RHB Lonnie Conrad
|
0-0: Foul Ball, location: 2F 0-1: Swinging Strike 0-2: SINGLE (Groundball, 56D)
|
Batting: LHB Keith Spear
|
0-0: Ball 1-0: Ball 2-0: Called Strike 2-1: Ground out 6-3 (Groundball, 4M) Lonnie Conrad to second
|
Batting: LHB Pat McJannett
|
0-0: Ball 1-0: Called Strike 1-1: Ball 2-1: Ball 3-1: Foul Ball, location: 2F 3-2: Strikes out swinging
|
Bottom of the 1st over - 0 run(s), 1 hit(s), 0 error(s), 1 left on base; Tremont 0 - Tortolita 0 |
TOP OF THE 2ND |
Tremont Doubledays batting - Pitching for Tortolita Drummers : RHP Armando Hernández
|
Batting: LHB Jim Unknown
|
0-0: Fly out, F7 (Line Drive, 5D)
|
Batting: RHB Jim Unknown
|
0-0: Fly out, F7 (Flyball, 7M)
|
Batting: RHB Jim Unknown
|
0-0: Called Strike 0-1: Ball 1-1: Ball 2-1: Foul Ball, location: 2F 2-2: Foul Ball, location: 2F 2-2: Strikes out swinging
|
Top of the 2nd over - 0 run(s), 0 hit(s), 0 error(s), 0 left on base; Tremont 0 - Tortolita 0 |
BOTTOM OF THE 2ND |
Tortolita Drummers batting - Pitching for Tremont Doubledays : RHP Jim Unknown
|
Batting: SHB Yosuke Kiyomizu
|
0-0: Foul Ball, location: 2F 0-1: Foul Ball, location: 2F 0-2: Foul Ball, location: 2F 0-2: Fly out, F8 (Flyball, 89D)
|
Batting: RHB Jim Harris
|
0-0: Called Strike 0-1: SINGLE (Groundball, 25) (infield hit)
|
Batting: LHB Gonzalo Féliz
|
0-0: Called Strike Jim Harris steals 2nd base 0-1: SINGLE (Line Drive, 89S) Jim Harris to third Runner from 3rd tries for Home, SAFE, no throw or cutoff
|
Batting: RHB Ray Whittier
|
0-0: Called Strike 0-1: Called Strike Gonzalo Féliz steals 2nd base 0-2: Ground out 5-3 (Groundball, 56)
|
Batting: RHB Ron Humboldt
|
0-0: Foul Ball, location: 2F 0-1: Ball Wild Pitch! Gonzalo Féliz to third 1-1: Foul Ball, location: 2F 1-2: Ground out U3 (Groundball, 3)
|
Bottom of the 2nd over - 1 run(s), 2 hit(s), 0 error(s), 1 left on base; Tremont 0 - Tortolita 1 |
TOP OF THE 3RD |
Tremont Doubledays batting - Pitching for Tortolita Drummers : RHP Armando Hernández
|
Batting: LHB Jim Unknown
|
0-0: Ball 1-0: Called Strike 1-1: Foul Ball, location: 2F 1-2: Strikes out swinging
|
Batting: LHB Scott Britt
|
0-0: Ball 1-0: Foul Ball, location: 2F 1-1: Foul Ball, location: 2F 1-2: Foul Ball, location: 2F 1-2: Foul Ball, location: 2F 1-2: Fly out, F9 (Flyball, 9LM)
|
Batting: RHB Jim Unknown
|
0-0: Ball 1-0: Called Strike 1-1: Ball 2-1: Ball 3-1: Called Strike 3-2: DOUBLE (Line Drive, 7LM)
|
Batting: RHB Kazunori Ito
|
0-0: Called Strike 0-1: Ball 1-1: Ball 2-1: Reached on error, E4 (Groundball, 4) Jim Unknown to third
|
Batting: LHB Emílio Barbán
|
0-0: Fly out, F8 (Popup, 6MD)
|
Top of the 3rd over - 0 run(s), 1 hit(s), 1 error(s), 2 left on base; Tremont 0 - Tortolita 1 |
BOTTOM OF THE 3RD |
Tortolita Drummers batting - Pitching for Tremont Doubledays : RHP Jim Unknown
|
Batting: RHB Dan Lewis
|
0-0: Called Strike 0-1: Ball 1-1: Ball 2-1: Called Strike 2-2: Ground out 5-3 (Groundball, 56S)
|
Batting: RHB Lonnie Conrad
|
0-0: Ground out U3 (Groundball, 3)
|
Batting: LHB Keith Spear
|
0-0: Called Strike 0-1: Fly out, F4 (Popup, 4S)
|
Bottom of the 3rd over - 0 run(s), 0 hit(s), 0 error(s), 0 left on base; Tremont 0 - Tortolita 1 |
TOP OF THE 4TH |
Tremont Doubledays batting - Pitching for Tortolita Drummers : RHP Armando Hernández
|
Batting: LHB Félix López
|
0-0: Called Strike 0-1: Ball 1-1: Ball 2-1: Ball 3-1: Called Strike 3-2: SINGLE (Groundball, 4MD)
|
Batting: LHB Jim Unknown
|
0-0: Fly out, F6 (Popup, 6MD)
|
Batting: RHB Jim Unknown
|
0-0: Ball 1-0: Foul Ball, location: 2F 1-1: Called Strike 1-2: Foul Ball, location: 2F 1-2: Ball 2-2: Ball 3-2: Base on Balls Félix López to second
|
Batting: RHB Jim Unknown
|
0-0: Ball 1-0: Ball 2-0: Ball 3-0: Base on Balls Félix López to third Jim Unknown to second
|
Batting: LHB Jim Unknown
|
0-0: Called Strike 0-1: Ball 1-1: SINGLE (Line Drive, 6MD) Félix López scores Jim Unknown to third Jim Unknown to second
|
Batting: LHB Scott Britt
|
0-0: Ball 1-0: Called Strike 1-1: Swinging Strike 1-2: Fly out, F4 (Popup, 4)
|
Batting: RHB Jim Unknown
|
0-0: Ball 1-0: Ball 2-0: Ball 3-0: Base on Balls Jim Unknown scores Jim Unknown to third Jim Unknown to second
|
Batting: RHB Kazunori Ito
|
0-0: Called Strike 0-1: Swinging Strike 0-2: Foul Ball, location: 2F 0-2: Foul Ball, location: 2F 0-2: Ball 1-2: Ball 2-2: Foul Ball, location: 2F 2-2: Strikes out looking
|
Top of the 4th over - 2 run(s), 2 hit(s), 0 error(s), 3 left on base; Tremont 2 - Tortolita 1 |
BOTTOM OF THE 4TH |
Tortolita Drummers batting - Pitching for Tremont Doubledays : RHP Jim Unknown
|
Batting: LHB Pat McJannett
|
0-0: Ball 1-0: Swinging Strike 1-1: Foul Ball, location: 2F 1-2: Ground out 4-3 (Groundball, 4)
|
Batting: SHB Yosuke Kiyomizu
|
0-0: Called Strike 0-1: Foul Ball, location: 2F 0-2: Foul Ball, location: 2F 0-2: Strikes out swinging
|
Batting: RHB Jim Harris
|
0-0: Ball 1-0: Ball 2-0: Ball 3-0: Called Strike 3-1: Foul Ball, location: 2F 3-2: Strikes out swinging
|
Bottom of the 4th over - 0 run(s), 0 hit(s), 0 error(s), 0 left on base; Tremont 2 - Tortolita 1 |
TOP OF THE 5TH |
Tremont Doubledays batting - Pitching for Tortolita Drummers : RHP Armando Hernández
|
Batting: LHB Emílio Barbán
|
0-0: Foul Ball, location: 2F 0-1: Fly out, F8 (Flyball, 8LM)
|
Batting: LHB Félix López
|
0-0: Called Strike 0-1: Ball 1-1: Ball 2-1: Foul Ball, location: 2F 2-2: Ground out 4-3 (Groundball, 4)
|
Batting: LHB Jim Unknown
|
0-0: Ball 1-0: SINGLE (Groundball, 34S)
|
Batting: RHB Jim Unknown
|
0-0: Ball 1-0: Fly out, F8 (Flyball, 8LM)
|
Top of the 5th over - 0 run(s), 1 hit(s), 0 error(s), 1 left on base; Tremont 2 - Tortolita 1 |
BOTTOM OF THE 5TH |
Tortolita Drummers batting - Pitching for Tremont Doubledays : RHP Jim Unknown
|
Batting: LHB Gonzalo Féliz
|
0-0: Foul Ball, location: 2F 0-1: Ball 1-1: Foul Ball, location: 2F 1-2: Ball 2-2: Ball 3-2: Foul Ball, location: 2F 3-2: Ground out 6-3 (Groundball, 6)
|
Batting: RHB Ray Whittier
|
0-0: Called Strike 0-1: Swinging Strike 0-2: Ball 1-2: Strikes out looking
|
Batting: RHB Ron Humboldt
|
0-0: Ball 1-0: Called Strike 1-1: Ball 2-1: Called Strike 2-2: Ground out 1-3 (Groundball, 13S)
|
Bottom of the 5th over - 0 run(s), 0 hit(s), 0 error(s), 0 left on base; Tremont 2 - Tortolita 1 |
TOP OF THE 6TH |
Tremont Doubledays batting - Pitching for Tortolita Drummers : RHP Armando Hernández
|
Batting: RHB Jim Unknown
|
0-0: Foul Ball, location: 2F 0-1: Ground out 4-3 (Groundball, 4)
|
Batting: LHB Jim Unknown
|
0-0: Ball 1-0: Foul Ball, location: 2F 1-1: Swinging Strike 1-2: Strikes out swinging
|
Batting: LHB Scott Britt
|
0-0: Fly out, F8 (Flyball, 8RD)
|
Top of the 6th over - 0 run(s), 0 hit(s), 0 error(s), 0 left on base; Tremont 2 - Tortolita 1 |
BOTTOM OF THE 6TH |
Tortolita Drummers batting - Pitching for Tremont Doubledays : RHP Jim Unknown
|
Batting: RHB Dan Lewis
|
0-0: Foul Ball, location: 2F 0-1: Ball 1-1: Ball 2-1: Ball 3-1: Foul Ball, location: 2F 3-2: Fly out, F9 (Flyball, 9S)
|
Batting: RHB Lonnie Conrad
|
0-0: Fly out, F6 (Popup, 6D)
|
Batting: LHB Keith Spear
|
0-0: Ball 1-0: SINGLE (Line Drive, 9S)
|
Batting: LHB Pat McJannett
|
0-0: Ball 1-0: Fielders Choice at 2nd, 6-4 (Groundball, 6)
|
Bottom of the 6th over - 0 run(s), 1 hit(s), 0 error(s), 0 left on base; Tremont 2 - Tortolita 1 |
TOP OF THE 7TH |
Tremont Doubledays batting - Pitching for Tortolita Drummers : RHP Armando Hernández
|
Batting: RHB Jim Unknown
|
0-0: Ball 1-0: Ball 2-0: Ball 3-0: Called Strike 3-1: Foul Ball, location: 2F 3-2: Base on Balls
|
Batting: RHB Kazunori Ito
|
0-0: Ball 1-0: Ball 2-0: DOUBLE (Flyball, 8RXD) Jim Unknown to third
|
Batting: LHB Emílio Barbán
|
0-0: Intentional Walk
|
Pitching: LHP Jud Riggs
|
|
Pinch Hitting: RHB Jim Unknown
|
0-0: Ball 1-0: TRIPLE (Flyball, 9D) Jim Unknown scores Kazunori Ito scores Emílio Barbán scores
|
Batting: LHB Jim Unknown
|
0-0: Called Strike 0-1: Ball 1-1: Ball 2-1: Foul Ball, location: 2F 2-2: Ball 3-2: Foul Ball, location: 2F 3-2: Base on Balls
|
Batting: RHB Jim Unknown
|
0-0: SINGLE (Groundball, 56D) Jim Unknown scores Jim Unknown to second
|
Batting: RHB Jim Unknown
|
0-0: Bunted foul 0-1: Bunted foul 0-2: Foul Ball, location: 2F 0-2: Ball 1-2: Ball 2-2: SINGLE (Line Drive, 8RS) Jim Unknown to third Jim Unknown to second
|
Batting: LHB Jim Unknown
|
0-0: Ball 1-0: Grounds into double play, 6-4-3 (Groundball, 6) Jim Unknown scores Jim Unknown to third
|
Batting: LHB Scott Britt
|
0-0: Called Strike 0-1: Ball 1-1: Ground out 4-3 (Groundball, 34)
|
Top of the 7th over - 5 run(s), 4 hit(s), 0 error(s), 1 left on base; Tremont 7 - Tortolita 1 |
BOTTOM OF THE 7TH |
Tortolita Drummers batting - Pitching for Tremont Doubledays : RHP Jim Unknown
|
Now in RF: Jim Unknown
|
|
Batting: SHB Yosuke Kiyomizu
|
0-0: Ball 1-0: Ball 2-0: Called Strike 2-1: Ground out 4-3 (Groundball, 4)
|
Batting: RHB Jim Harris
|
0-0: Called Strike 0-1: SINGLE (Line Drive, 9S)
|
Batting: LHB Gonzalo Féliz
|
0-0: Ball 1-0: Foul Ball, location: 2F 1-1: Ball Jim Harris is caught stealing 2nd base 2-1: Foul Ball, location: 2F 2-2: SINGLE (Groundball, 56D) (infield hit)
|
Batting: RHB Ray Whittier
|
0-0: Ball 1-0: Called Strike Gonzalo Féliz steals 2nd base 1-1: Swinging Strike 1-2: Strikes out looking
|
Bottom of the 7th over - 0 run(s), 2 hit(s), 0 error(s), 1 left on base; Tremont 7 - Tortolita 1 |
TOP OF THE 8TH |
Tremont Doubledays batting - Pitching for Tortolita Drummers : LHP Jud Riggs
|
Batting: RHB Jim Unknown
|
0-0: Ball 1-0: Foul Ball, location: 2F 1-1: Ball 2-1: Swinging Strike 2-2: Ground out 5-3 (Groundball, 56)
|
Batting: RHB Kazunori Ito
|
0-0: Called Strike 0-1: Ground out 4-3 (Groundball, 4)
|
Batting: LHB Emílio Barbán
|
0-0: SINGLE (Groundball, 13) (infield hit)
|
Batting: RHB Jim Unknown
|
0-0: SINGLE (Line Drive, 34) Emílio Barbán to second
|
Batting: LHB Jim Unknown
|
0-0: Ball 1-0: Foul Ball, location: 2F 1-1: SINGLE (Line Drive, 6MD) Emílio Barbán to third Jim Unknown to second Runner from 3rd tries for Home, throw and OUT!
|
Top of the 8th over - 0 run(s), 3 hit(s), 0 error(s), 2 left on base; Tremont 7 - Tortolita 1 |
BOTTOM OF THE 8TH |
Tortolita Drummers batting - Pitching for Tremont Doubledays : RHP Jim Unknown
|
Batting: RHB Ron Humboldt
|
0-0: Ball 1-0: SINGLE (Groundball, 34)
|
Pitching: LHP Jim Unknown
|
|
Batting: RHB Dan Lewis
|
0-0: Foul Ball, location: 2F 0-1: Fly out, F6 (Popup, 6)
|
Batting: RHB Lonnie Conrad
|
0-0: Grounds into double play, 4-6-3 (Groundball, 4M)
|
Bottom of the 8th over - 0 run(s), 1 hit(s), 0 error(s), 0 left on base; Tremont 7 - Tortolita 1 |
TOP OF THE 9TH |
Tremont Doubledays batting - Pitching for Tortolita Drummers : LHP Jud Riggs
|
Pitching: LHP Parker Cooke
|
|
Batting: RHB Jim Unknown
|
0-0: Ground out 4-3 (Groundball, 4)
|
Batting: RHB Jim Unknown
|
0-0: Called Strike 0-1: Ball 1-1: SINGLE (Line Drive, 8RS)
|
Batting: LHB Jim Unknown
|
0-0: Ball Jim Unknown steals 2nd base 1-0: Fly out, F7 (Flyball, 7LMF)
|
Batting: LHB Scott Britt
|
0-0: Called Strike 0-1: Swinging Strike 0-2: Ball 1-2: Ball 2-2: Strikes out swinging
|
Top of the 9th over - 0 run(s), 1 hit(s), 0 error(s), 1 left on base; Tremont 7 - Tortolita 1 |
BOTTOM OF THE 9TH |
Tortolita Drummers batting - Pitching for Tremont Doubledays : LHP Jim Unknown
|
Batting: LHB Keith Spear
|
0-0: Ball 1-0: Called Strike 1-1: Foul Ball, location: 2F 1-2: Ball 2-2: Fly out, F8 (Flyball, 8LXD)
|
Batting: LHB Pat McJannett
|
0-0: Swinging Strike 0-1: Ball 1-1: Ball 2-1: Ball 3-1: Base on Balls
|
Batting: SHB Yosuke Kiyomizu
|
0-0: Called Strike 0-1: Ball 1-1: SINGLE (Flyball, 8LS) Pat McJannett to second Runner from 2nd tries for 3rd, SAFE, throw made to third Yosuke Kiyomizu to second
|
Batting: RHB Jim Harris
|
0-0: Fly out, F3 (Popup, 23F)
|
Batting: LHB Gonzalo Féliz
|
0-0: Called Strike 0-1: Ball 1-1: SINGLE (Line Drive, 56) Pat McJannett scores Yosuke Kiyomizu to third
|
Pitching: LHP Jim Unknown
|
|
Batting: RHB Ray Whittier
|
0-0: Swinging Strike 0-1: Ball 1-1: Foul Ball, location: 2F 1-2: Ball 2-2: Ball 3-2: Ground out 6-3 (Groundball, 6M)
|
Bottom of the 9th over - 1 run(s), 2 hit(s), 0 error(s), 2 left on base; Tremont 7 - Tortolita 2 |
|